 Dungeon Crawl Stone Soup version 0.30-a0-793-g160f7cfddd (webtiles) character file.

Game seed: 10772845313237789649

254 hikkokomori the Digger (level 6, -12/34 HPs)
             Began as a Gargoyle Earth Elementalist on Feb 20, 2023.
             Killed by divine providence
             ... invoked by an orc priest
              (16 damage)
             ... on level 4 of the Dungeon.
             The game lasted 00:05:13 (3440 turns).

hikkokomori the Digger (GrEE)                       Turns: 3440, Time: 00:05:13

Health: -12/34     AC:  8    Str: 11    XL:     6   Next: 14%
Magic:  8/9        EV: 12    Int: 18    God:
Gold:   49         SH:  0    Dex: 16    Spells: 5/9 levels left

rFire   . . .      SeeInvis .    f - +1 dagger (drain)
rCold   . . .      Faith    .    (no shield)
rNeg    + . .      Spirit   .    a - +0 robe
rPois   ∞          Reflect  .    q - +0 helmet
rElec   +          Harm     .    w - +0 cloak
rCorr   .          Rampage  .    (no gloves)
Will    .....                    (no boots)
Stlth   +++                      (no amulet)
HPRegen 0.25/turn                e - +6 ring of dexterity
MPRegen 0.11/turn                (no ring)

@: no status effects
A: sickness immunity, AC +4, negative energy resistance 1, electricity
resistance, torment resistance 1, petrification resistance
a: no special abilities


You were on level 4 of the Dungeon.
You visited 1 branch of the dungeon, and saw 4 of its levels.

You collected 104 gold pieces.
You spent 55 gold pieces at shops.

Inventory:

Hand Weapons
 f - a +1 dagger of draining (weapon)
 m - a +0 club
Armour
 a - a +0 robe (worn)
 q - a +0 helmet (worn)
 w - a +0 cloak (worn)
Jewellery
 e - a +6 ring of dexterity (left hand)
Wands
 s - a wand of charming (6)
 v - a wand of flame (22)
Scrolls
 c - a scroll of teleportation
 h - a scroll of fog {unknown}
 j - a scroll of enchant armour {unknown}
 l - a scroll of noise
 o - 2 scrolls of enchant weapon {unknown}
 r - a scroll of amnesia {unknown}
 x - a scroll of poison {unknown}
 y - a scroll of fear {unknown}
Potions
 b - a potion of magic
 d - 2 potions of flight {unknown}
 g - a potion of lignification {unknown}
 i - 3 potions of brilliance
 k - 2 potions of might
 n - 2 potions of curing
 p - 3 potions of haste
 t - a potion of heal wounds
 u - a potion of ambrosia {unknown}


   Skills:
 + Level 1.3 Fighting
 - Level 1.5 Dodging
 + Level 5.1 Stealth
 - Level 2.0 Spellcasting
 + Level 1.3 Conjurations
 - Level 0.7 Transmutations
 + Level 5.9 Earth Magic


You had 5 spell levels left.
You knew the following spells:

 Your Spells              Type           Power      Damage    Failure   Level
a - Sandblast             Erth           46%        2d11      1%          1
b - Stone Arrow           Conj/Erth      28%        3d8       12%         3

Your spell library contained the following spells:

 Spells                   Type           Power      Damage    Failure   Level
 Passwall                 Tmut/Erth      10%        N/A       7%          2
 Petrify                  Tmut/Erth      13%        N/A       41%         4


Dungeon Overview and Level Annotations

Branches:
Dungeon (4/15)
 Temple: D:4-7

Altars:
Xom

Shops:
D:2 !


Innate Abilities, Weirdness & Mutations

You are immune to sickness and miasma.
Your stone body is resilient. (AC +4)
You are immune to poison.
You resist negative energy. (rN+)
You are resistant to electric shocks. (rElec)
You are resistant to unholy torment.
You are immune to petrification.


Message History

You hit the orc priest but do no damage.
The orc priest is heavily wounded.
The orc priest hits you with a +0 dagger.
You are too injured to fight recklessly!
You are too injured to fight recklessly!
You are too injured to fight recklessly!
You are too injured to fight recklessly!
You are too injured to fight recklessly!
You are too injured to fight recklessly!
You are too injured to fight recklessly!
You are too injured to fight recklessly!
You are too injured to fight recklessly!
You are too injured to fight recklessly!
You are too injured to fight recklessly!
You are too injured to fight recklessly!
You are too injured to fight recklessly!
You are too injured to fight recklessly!
You are too injured to fight recklessly!
You are too injured to fight recklessly!
You are too injured to fight recklessly!
You are too injured to fight recklessly!
You are too injured to fight recklessly!
You are too injured to fight recklessly!
You barely miss the orc priest.
The orc priest is heavily wounded.
The orc priest calls down the wrath of Beogh upon you.
Beogh smites you!
* * * LOW HITPOINT WARNING * * *
Casting: Sandblast (safe; 1% risk of failure)
Confirm with . or Enter, or press ? or * to list all spells.
Aiming: Sandblast (safe; 1% risk of failure)
Press: ? - help, Shift-Dir - straight line, f - orc priest
Aim: an orc priest, wielding a +0 dagger and wearing a +0 leather armour (heavily wounded, heavily drained, 83% to hit)
The blast of sand hits the orc priest.
The orc priest is severely wounded.
The orc priest hits you with a +0 dagger.
* * * LOW HITPOINT WARNING * * *
The orc priest invokes the aid of Beogh against you.
Beogh smites you!
You die...

.###..#.#.##...#.##.# .
.................##.#
..........#.##.....##.#
. ..##..##.#.##..##.##.#
.. ..........##..##.##.#
...###..##.#.##.###....#
.........)..............
...........#.##.###.....
.####.@####.##.# ####.#
#.o# #.##.# #.# #...
..... #.# ..... .. #.#
....#.# #.# ####.#.# #.#
....# #.# #.# #


You could see an orc priest (very drained).

Vanquished Creatures
  3 crimson imps (D:3)
  A gnoll (D:3)
  5 adders
  A shadow imp (D:4)
  A worm (D:3)
  7 orcs
  2 ball pythons
  6 bats
  6 endoplasms
  2 giant cockroaches
  6 hobgoblins
  A jackal (D:3)
  7 quokkas
  6 goblins
  14 kobolds
  11 rats
79 creatures vanquished.

Vanquished Creatures (others)
  8 plants (D:1)
8 creatures vanquished.

Grand Total: 87 creatures vanquished

Notes
Turn   | Place    | Note
-------+----------+-------------------------------------------
     0 | D:1      | hikkokomori the Gargoyle Earth Elementalist began the quest
                  | for the Orb.
     0 | D:1      | Reached XP level 1. HP: 10/10 MP: 3/3
   209 | D:1      | Reached XP level 2. HP: 15/15 MP: 1/5
   944 | D:1      | Reached XP level 3. HP: 17/19 MP: 6/6
  1532 | D:2      | Reached XP level 4. HP: 24/24 MP: 7/7
  1748 | D:2      | Found Juydd's Distillery.
  1751 | D:2      | Bought a potion of heal wounds for 55 gold pieces
  1911 | D:3      | Reached skill level 5 in Earth Magic
  2085 | D:3      | Noticed an ogre
  2260 | D:3      | Found a shimmering altar of Xom.
  2515 | D:3      | Reached XP level 5. HP: 23/28 MP: 3/8
  2571 | D:3      | Learned a level 3 spell: Stone Arrow
  2883 | D:3      | Reached skill level 1 in Fighting
  2883 | D:3      | Reached skill level 5 in Stealth
  2883 | D:3      | Reached skill level 1 in Conjurations
  2985 | D:3      | Reached XP level 6. HP: 33/34 MP: 9/9
  3440 | D:4      | Killed from afar by an orc priest

Illustrated notes

Levels and vault maps discovered:
D:1:      roderic_crop_circles_arrival_small, layout_loops_corners,
          serial_bayou_pond_c
D:2:      layout_loops_cross, serial_shops, shop, minmay_surrounded
D:3:      layout_loops_ring, led_xom_imps, wad_rectangle_vault
D:4:      layout_basic, okawaru_metal_pillars_1_2

Skill      XL: |  1  2  3  4  5 |
---------------+----------------+-----
Earth Magic    | 4 5 |  5.9
Stealth        | 3 4 5 |  5.1
Fighting       | 1 |  1.3
Conjurations   | 1 |  1.3
Dodging        | |  1.5
Spellcasting   | |  2.0
Transmutations | |  0.7

Action                     |  1- 3 |  4- 6 || total
---------------------------+-------+-------++-------
  Melee: Unarmed           |    10 |       ||    10
         Dagger            |    57 |   380 ||   437
         Punch             |       |     1 ||     1
         Club              |       |     6 ||     6
   Cast: Sandblast         |    27 |     7 ||    34
    Use: Scroll            |     3 |     3 ||     6
   Stab: Sleeping          |     2 |     2 ||     4
         Distracted        |       |     1 ||     1
 Armour: Robe              |    29 |   161 ||   190
  Dodge: Dodged            |    58 |   217 ||   275

Table legend: (Time is in decaauts)
 A = Elapsed time spent in this place.
 B = Non-inter-level travel time spent in this place.
 C = Inter-level travel time spent in this place.
 D = Time resting spent in this place.
 E = Time spent auto-exploring this place.
 F = Levels seen in this place.
 G = Mean time per level.
                   A        B        C        D        E       F      G
               +--------+--------+--------+--------+--------+-----+--------+
         Total |   3472 |   3384 |     88 |    156 |   2323 |   4 |  868.0 |
       Dungeon |   3472 |   3384 |     88 |    156 |   2323 |   4 |  868.0 |
               +--------+--------+--------+--------+--------+-----+--------+

Top non-repeatable levels by time:
     D:3: 1473 daAuts
     D:1: 1227 daAuts
     D:2: 657 daAuts
     D:4: 113 daAuts
